Map: King's Cove LE

Players

Capello

  • Race: Terran Terran
  • League: Silver
  • Spawn Location: 11:00

diab - Winner!

  • Race: Protoss Protoss
  • League: Master
  • Spawn Location: 5:00

VOD

Have the link to the VOD?

Description

Time

  • Played on: Dec. 25, 2024, 8:01 p.m.
  • Length: 43:56
Show
View Real Time Build Order
Export as new Build Order

Capello Terran 

Build Orders:  

Get SALT Encoding   

  12  0:02  SCV  
  13  0:15  Supply Depot  
  13  0:43  Barracks  
  13  0:44  Barracks  
  13  0:48  SCV  
  14  1:00  SCV  
  15  1:09  Refinery  
  15  1:12  SCV  
  16  1:23  Supply Depot  
  16  1:24  SCV  
  17  1:32  Marine x2  
  18  1:36  SCV  
  20  1:42  Refinery  
  20  1:50  Marine x2  
  22  2:05  SCV  
  22  2:08  Marine x2  
  25  2:17  SCV  
  26  2:29  SCV  
  27  2:30  Barracks Tech Lab  
  27  2:31  Barracks Reactor  
  27  2:39  Factory  
  27  2:54  Barracks  
  27  2:57  Barracks, SCV  
  28  3:12  Supply Depot  
  28  3:15  Combat Shield  
  28  3:23  Factory Tech Lab  
  28  3:27  Marine  
  28  3:28  Marine  
  28  3:33  SCV  
  31  3:44  Barracks Reactor  
  31  3:45  Barracks Reactor, SCV  
  32  3:58  Supply Depot  
  32  4:02  Siege Tank  
  35  4:16  Starport  
  35  4:27  Supply Depot  
  30  4:53  Engineering Bay  
  30  5:05  Command Center  
  30  5:14  Marine x2  
  30  5:15  Marine  
  33  5:22  SCV  
  34  5:35  Viking  
  36  5:52  Marine x3  
  36  5:53  Marine  
  36  5:55  Marine  
  41  6:07  Orbital Command  
  41  6:16  Starport Tech Lab  
  41  6:21  SCV  
  42  6:33  SCV  
  43  6:45  SCV  
  44  6:55  Marine x3  
  44  6:56  Marine x4  
  51  7:02  Siege Tank  
  54  7:09  Banshee  
  54  7:15  SCV  
  58  7:27  SCV  
  59  7:43  Starport  
  59  7:48  Starport  
  56  8:11  Cloaking Field  
  56  8:13  Marine  
  56  8:14  Marine x6  
  62  8:22  Starport  
  53  8:31  Planetary Fortress, Marine x2  
  53  8:32  Marine x4  
  51  9:09  Starport Tech Lab  
  51  9:19  Starport Tech Lab  
  51  9:21  Starport Tech Lab  
  51  9:23  SCV  
  52  9:27  SCV  
  53  9:33  Refinery  
  53  9:34  Refinery  
  53  9:35  Siege Tank, SCV  
  57  9:39  SCV  
  57  9:45  Missile Turret x2  
  58  9:47  SCV  
  58  9:51  SCV  
  60  9:59  SCV  
  61  10:02  Banshee  
  61  10:03  SCV  
  61  10:04  Banshee  
  61  10:06  Missile Turret  
  68  10:11  SCV  
  69  10:14  Supply Depot  
  69  10:15  SCV  
  69  10:18  Supply Depot  
  70  10:36  Banshee x2  
  70  10:37  Supply Depot  
  76  10:45  Banshee  
  79  10:57  SCV  
  79  10:59  SCV  
  81  11:09  SCV  
  81  11:11  Stimpack, SCV  
  83  11:22  Siege Tank, SCV  
  87  11:28  Medivac x3  
  93  11:34  Marine  
  94  11:48  Supply Depot  
  94  11:51  Supply Depot  
  94  12:03  Missile Turret x2  
  94  12:04  Missile Turret  
  94  12:09  Marine x2  
  96  12:16  Missile Turret  
  96  12:25  Missile Turret  
  96  12:37  Banshee x2  
  96  12:39  Banshee  
  105  13:01  Supply Depot  
  105  13:17  Banshee  
  108  13:22  Banshee  
  108  13:24  Command Center  
  108  13:26  Banshee  
  114  13:29  Banshee  
  117  13:43  Supply Depot  
  117  13:50  Marine  
  118  14:04  Banshee, Marine x5  
  126  14:36  Viking x2, Marine x4  
  134  14:40  Refinery  
  134  14:49  Engineering Bay  
  134  14:53  Marine  
  134  14:54  Viking x2, Armory  
  139  15:00  SCV  
  139  15:05  SCV  
  141  15:16  Armory  
  141  15:21  Supply Depot  
  141  15:25  Supply Depot  
  141  15:42  SCV x2  
  128  15:51  Viking x2  
  128  15:52  Viking x2  
  128  15:54  SCV x2  
  114  16:21  Orbital Command, Viking x2  
  114  16:22  Viking x2  
  114  16:25  SCV  
  123  16:32  Siege Tank  
  126  16:35  Refinery  
  126  16:37  SCV  
  127  16:52  Missile Turret  
  127  17:07  Terran Infantry Armor Level 1, Terran Infantry Weapons Level 1  
  127  17:12  Missile Turret  
  127  17:21  Terran Vehicle Weapons Level 1  
  127  17:22  Terran Vehicle And Ship Armor Level 1  
  127  17:32  Missile Turret  
  127  17:45  Medivac x3  
  127  17:46  Medivac  
  135  17:53  Marine x5  
  135  17:54  Marine x2  
  135  17:55  Command Center  
  142  18:11  Marine x6  
  148  18:15  Medivac  
  150  18:32  Viking  
  150  18:33  Viking x2  
  156  18:42  Supply Depot  
  156  18:44  Supply Depot  
  156  18:51  Viking  
  158  19:01  Hi-Sec Auto Tracking, Neosteel Armor  
  158  19:02  Viking  
  158  19:05  SCV  
  158  19:06  Supply Depot  
  161  19:10  SCV  
  161  19:13  SCV  
  161  19:16  Terran Ship Weapons Level 1  
  164  19:17  Viking x2, SCV  
  164  19:21  Viking  
  164  19:22  SCV  
  171  19:25  SCV  
  171  19:29  SCV  
  173  19:32  Viking  
  173  19:34  SCV  
  173  19:37  SCV  
  177  19:41  SCV  
  178  19:46  SCV  
  178  19:47  Viking  
  178  19:49  SCV  
  178  19:52  Banshee x2  
  188  19:53  SCV  
  188  19:58  Terran Infantry Armor Level 2, Refinery, SCV  
  190  20:01  Terran Vehicle Weapons Level 2, SCV  
  190  20:02  Banshee, Refinery  
  194  20:17  Banshee  
  197  20:34  Banshee  
  197  20:35  Command Center  
  200  20:38  Command Center  
  200  20:41  Terran Infantry Weapons Level 2  
  200  21:07  Orbital Command  
  200  21:09  Terran Vehicle And Ship Armor Level 2  
  200  21:52  Command Center  
  200  21:56  Refinery  
  200  22:17  Terran Ship Weapons Level 2  
  200  22:25  Planetary Fortress  
  200  22:27  Planetary Fortress  
  200  22:57  Command Center x3  
  200  23:07  Planetary Fortress  
  191  24:06  Banshee x2  
  191  24:07  Banshee  
  200  24:21  Command Center  
  200  24:24  Command Center  
  200  24:26  Command Center  
  198  24:51  Refinery  
  195  24:53  Refinery  
  194  25:38  Marine x3  
  194  25:39  Command Center, Marine x3  
  200  25:43  Terran Infantry Weapons Level 3  
  200  25:44  Terran Infantry Armor Level 3  
  200  25:46  Terran Ship Weapons Level 3, Terran Vehicle Weapons Level 3  
  200  25:55  Planetary Fortress x3  
  164  27:17  Viking x2  
  164  27:18  Viking x2  
  172  27:47  Viking x2  
  172  27:48  Viking x2  
  180  28:17  Viking x2  
  180  28:18  Viking x2  
  188  28:23  Terran Vehicle And Ship Armor Level 3  
  188  28:24  Missile Turret  
  188  28:25  Missile Turret  
  188  28:27  Missile Turret  
  188  28:29  Missile Turret x2  
  188  28:31  Missile Turret x2  
  188  28:32  Missile Turret x2  
  188  28:33  Missile Turret  
  188  28:35  Missile Turret  
  188  28:47  Viking x2  
  188  28:48  Viking x2  
  196  28:49  Missile Turret x2  
  196  28:51  Missile Turret  
  196  28:52  Missile Turret  
  196  28:56  Missile Turret x2  
  196  28:57  Missile Turret  
  196  28:58  Missile Turret x2  
  196  28:59  Missile Turret  
  196  29:00  Missile Turret  
  196  29:15  Missile Turret  
  196  29:17  Viking x2  
  196  29:19  Missile Turret  
  196  29:21  Missile Turret x2  
  200  29:25  Missile Turret  
  200  29:27  Missile Turret x2  
  200  29:28  Missile Turret  
  200  29:29  Missile Turret x2  
  200  29:30  Missile Turret  
  200  29:32  Command Center  
  200  29:38  Missile Turret  
  200  29:41  Missile Turret  
  200  29:42  Missile Turret  
  200  29:46  Missile Turret  
  200  29:53  Missile Turret x2  
  200  29:57  Missile Turret  
  200  29:59  Missile Turret x2  
  200  30:00  Missile Turret  
  200  30:01  Missile Turret  
  197  30:12  Missile Turret x2  
  197  30:13  Missile Turret  
  97  30:40  Missile Turret  
  97  30:41  Missile Turret  
  93  30:56  Marine x2  
  91  30:57  Marine x3  
  91  30:58  Marine x2  
  96  31:11  Missile Turret  
  94  31:13  Missile Turret  
  94  31:14  Marine x2  
  94  31:15  Marine x5  
  85  31:32  Marine x2  
  87  31:33  Marine x5  
  92  31:41  Viking  
  92  31:42  Viking x3  
  100  31:49  Marine  
  100  31:50  Marine x2  
  100  31:51  Marine x4  
  107  31:56  Orbital Command  
  107  32:11  Viking x2  
  107  32:12  Viking x2  
  107  32:14  Planetary Fortress  
  107  32:15  Planetary Fortress  
  115  32:41  Viking x2  
  115  32:42  Viking x2  
  123  32:54  SCV  
  124  33:06  Command Center, SCV  
  124  33:11  Viking x2  
  124  33:12  Viking x2, Marine x5  
  136  33:13  Marine x2  
  136  33:18  SCV  
  141  33:30  Marine x2, SCV  
  144  33:37  Planetary Fortress  
  144  33:39  Planetary Fortress, Orbital Command  
  144  33:41  Viking x2  
  144  33:42  Viking x2  
  144  33:46  Marine  
  144  33:47  Marine x5  
  158  34:11  Viking  
  160  34:38  Siege Tank  
  163  34:54  Marine x2  
  163  34:55  Marine x5  
  170  35:10  Siege Tank  
  170  35:12  Marine x3  
  170  35:13  Marine x4  
  180  35:24  Medivac x2  
  180  35:25  Medivac x2  
  188  35:30  Marine x5  
  188  35:31  Marine x2  
  195  35:36  Orbital Command  
  195  35:40  Refinery  
  195  35:42  Siege Tank  
  198  35:44  Refinery  
  198  35:47  Marine  
  198  35:48  Refinery, Marine  
  200  35:51  Refinery  
  73  37:32  Viking x4  
  73  37:37  Marine x4  
  81  37:38  Marine x3  
  88  37:54  Marine  
  88  37:55  Marine x4  
  88  37:56  Starport  
  88  37:57  Starport  
  93  37:58  Starport  
  93  38:01  Starport  
  93  38:02  Viking x4, Starport x4  
  93  38:04  Starport  
  101  38:32  Viking x4  
  109  38:41  Starport  
  109  38:44  Starport  
  109  38:53  Starport Reactor  
  109  38:54  Starport Reactor x3  
  109  38:58  Starport Reactor x3  
  109  38:59  Starport Reactor  
  109  39:02  Viking x4  
  117  39:32  Viking x4  
  125  39:44  Refinery  
  125  39:51  Barracks  
  125  39:53  Barracks x2  
  125  39:55  Barracks  
  125  39:58  Marine x5  
  125  39:59  Marine x2  
  132  40:16  Marine x6  
  132  40:17  Marine, Fusion Core  
  132  40:19  Starport Reactor  
  132  40:20  Starport Tech Lab  
  139  40:24  Starport Tech Lab  
  139  40:28  Viking x3  
  139  40:29  Viking x6  
  139  40:30  Viking  
  139  40:33  Marine  
  139  40:34  Marine x6  
  166  40:43  Barracks  
  166  40:44  Barracks  
  166  40:46  Barracks  
  166  40:49  Barracks  
  159  40:51  Marine x2  
  159  40:52  Marine x5  
  159  40:58  Viking x2  
  159  40:59  Viking x5  
  159  41:00  Viking x3  
  181  41:10  Marine  
  112  41:29  Viking x4  
  112  41:32  Marine x3  
  118  41:33  Marine x5  
  122  41:44  Viking  
  122  41:45  Viking  
  126  41:49  Marine  
  126  41:50  Marine x4  
  126  41:51  Marine  
  108  41:56  Viking  
  108  42:00  Viking  
  108  42:01  Viking  
  102  42:14  Viking  
  102  42:15  Viking  
  58  42:26  Viking  
  58  42:28  Marine x6  
  58  42:29  Marine  
  41  42:45  Marine  
  41  42:46  Marine x6  
  48  42:53  SCV  
  48  42:56  Viking  
  45  43:03  Marine x2  
  45  43:04  Marine x5  
  45  43:05  SCV  
  37  43:17  SCV  
  37  43:21  Marine x2  
  37  43:26  Viking  
  37  43:29  SCV  
  37  43:41  SCV  
Show
View Real Time Build Order
Export as new Build Order

diab Protoss - Winner!

Build Orders: Oracle Opening 

Get SALT Encoding   

  12  0:09  Pylon  
  12  0:13  Probe  
  13  0:25  Probe  
  14  0:32  Gateway  
  14  0:37  Probe  
  15  0:46  Assimilator  
  16  0:50  Probe  
  16  1:02  Probe  
  17  1:06  Assimilator  
  17  1:14  Probe  
  18  1:20  Cybernetics Core  
  18  1:24  Pylon  
  18  1:26  Probe  
  19  1:38  Probe  
  20  1:48  Warp Gate  
  20  1:50  Probe  
  20  1:52  Gateway  
  21  2:03  Probe  
  22  2:15  Probe  
  23  2:24  Stalker, Stargate  
  23  2:27  Probe  
  26  2:55  Probe  
  26  2:56  Nexus  
  27  3:00  Oracle  
  30  3:20  Probe  
  30  3:21  Pylon  
  31  3:33  Protoss Air Weapons Level 1  
  31  3:39  Probe  
  31  3:40  Robotics Facility  
  32  3:52  Probe  
  33  4:07  Probe  
  33  4:08  Probe  
  34  4:15  Probe  
  35  4:20  Probe, Assimilator  
  35  4:21  Assimilator  
  37  4:24  Probe  
  38  4:32  Probe  
  38  4:36  Probe  
  40  4:48  Probe  
  41  4:57  Probe  
  42  5:00  Probe  
  42  5:06  Stalker x2  
  47  5:12  Probe  
  48  5:16  Probe  
  48  5:19  Robotics Bay  
  49  5:25  Probe  
  54  5:30  Void Ray, Pylon  
  54  5:37  Protoss Air Armor Level 1  
  54  5:42  Pylon  
  54  5:48  Probe  
  55  5:50  Stargate  
  55  5:53  Stargate  
  55  6:00  Probe  
  56  6:12  Probe  
  56  6:13  Probe  
  56  6:15  Colossus  
  58  6:18  Nexus  
  58  6:21  Probe, Assimilator  
  58  6:24  Probe  
  59  6:25  Assimilator  
  59  6:27  Pylon  
  59  6:30  Pylon  
  59  6:31  Probe  
  65  6:34  Stalker x2  
  67  6:43  Probe  
  67  6:45  Pylon  
  56  6:48  Gateway  
  56  6:50  Pylon  
  50  6:55  Void Ray, Probe  
  55  7:09  Stalker  
  57  7:26  Stalker  
  57  7:29  Probe  
  59  7:31  Probe  
  61  7:37  Probe  
  61  7:43  Probe  
  63  7:47  Probe  
  64  7:54  Colossus  
  64  7:58  Stalker x2  
  66  7:59  Probe  
  66  8:03  Stalker  
  69  8:48  Pylon  
  70  8:49  Void Ray  
  70  9:06  Stalker x2  
  70  9:07  Probe  
  74  9:15  Probe  
  76  9:25  Probe  
  77  9:34  Robotics Bay  
  77  9:37  Probe  
  78  9:40  Fleet Beacon  
  78  9:45  Stalker, Pylon  
  80  9:49  Probe  
  88  9:55  Probe  
  88  9:57  Void Ray x2  
  89  10:01  Probe  
  91  10:07  Probe  
  91  10:13  Probe  
  92  10:19  Stalker, Probe  
  92  10:20  Stalker  
  92  10:21  Stalker  
  99  10:31  Probe, Pylon  
  100  10:40  Extended Thermal Lance  
  100  10:41  Protoss Air Weapons Level 2  
  100  10:42  Flux Vanes  
  100  10:43  Probe  
  101  10:55  Probe x2  
  103  10:57  Pylon  
  103  11:07  Probe  
  104  11:17  Void Ray  
  109  11:32  Probe  
  109  11:37  Pylon  
  109  11:45  Probe  
  110  11:57  Probe  
  115  12:01  Void Ray  
  115  12:09  Nexus  
  115  12:16  Probe  
  115  12:28  Probe  
  116  12:40  Probe  
  117  12:52  Probe  
  118  13:02  Pylon  
  118  13:10  Protoss Air Weapons Level 3  
  118  13:20  Colossus, Mothership  
  118  13:21  Probe  
  139  13:27  Void Ray x2  
  141  13:50  Pylon  
  141  13:54  Pylon  
  141  14:08  Probe x2  
  143  14:13  Assimilator  
  143  14:15  Assimilator  
  143  14:17  Pylon  
  143  14:19  Pylon  
  143  14:20  Probe  
  143  14:21  Pylon  
  152  14:31  Void Ray x2  
  152  14:32  Probe  
  153  14:38  Nexus  
  153  14:39  Probe  
  153  14:44  Probe  
  159  15:02  Void Ray  
  159  15:11  Pylon  
  159  15:13  Gateway  
  163  15:14  Void Ray, Gateway  
  163  15:16  Gateway  
  163  15:25  Observer  
  160  15:58  Observer  
  161  16:16  Probe  
  162  16:23  Pylon  
  162  16:25  Pylon  
  162  16:28  Probe, Pylon  
  162  16:30  Pylon  
  162  16:31  Pylon  
  163  16:32  Twilight Council  
  163  16:39  Forge  
  163  16:40  Probe  
  163  16:41  Colossus  
  163  16:44  Forge  
  182  16:48  Protoss Air Armor Level 2, Probe  
  182  16:49  Void Ray x2  
  182  16:52  Void Ray  
  183  16:56  Pylon, Probe, Assimilator x2  
  183  17:00  Pylon  
  184  17:06  Probe  
  185  17:19  Probe  
  198  17:31  Probe  
  198  17:32  Void Ray x2  
  198  17:35  Void Ray  
  199  17:40  Protoss Ground Weapons Level 1  
  199  17:42  Protoss Shields Level 1  
  199  18:11  Photon Cannon  
  199  18:14  Photon Cannon  
  199  18:15  Photon Cannon  
  199  18:18  Photon Cannon  
  199  18:20  Photon Cannon  
  199  18:23  Photon Cannon  
  199  18:24  Photon Cannon, Probe  
  200  18:29  Photon Cannon  
  200  18:32  Photon Cannon  
  200  18:36  Photon Cannon  
  200  18:37  Photon Cannon  
  200  18:44  Gateway  
  200  18:48  Gateway  
  200  18:50  Gateway  
  200  18:55  Gateway  
  200  18:58  Gateway  
  200  19:00  Blink  
  200  19:05  Gateway  
  200  19:19  Void Ray  
  200  19:33  Protoss Ground Weapons Level 2  
  200  19:37  Protoss Shields Level 2  
  200  19:52  Protoss Air Armor Level 3  
  200  20:15  Forge  
  200  20:50  Photon Cannon  
  200  20:51  Photon Cannon  
  200  20:52  Photon Cannon  
  200  20:54  Photon Cannon  
  200  20:56  Photon Cannon  
  200  20:59  Pylon  
  200  21:02  Pylon  
  200  21:04  Pylon  
  200  21:05  Pylon  
  200  21:08  Pylon  
  200  21:15  Pylon  
  200  21:18  Pylon  
  200  21:19  Pylon  
  200  21:21  Pylon  
  200  21:23  Pylon  
  198  21:48  Protoss Ground Armor Level 1  
  198  22:00  Protoss Ground Weapons Level 3  
  198  22:10  Protoss Shields Level 3  
  193  22:19  Stargate  
  193  22:21  Void Ray  
  192  22:41  Void Ray x2  
  191  22:58  Photon Cannon  
  189  22:59  Photon Cannon  
  189  23:01  Photon Cannon  
  189  23:02  Photon Cannon  
  189  23:04  Void Ray  
  189  23:05  Photon Cannon  
  189  23:07  Photon Cannon  
  189  23:10  Void Ray, Photon Cannon  
  189  23:12  Photon Cannon x2  
  185  23:14  Photon Cannon  
  185  23:16  Photon Cannon  
  185  23:18  Photon Cannon  
  185  23:19  Photon Cannon  
  193  23:20  Photon Cannon  
  193  23:22  Photon Cannon  
  193  23:24  Void Ray x2  
  189  23:47  Void Ray  
  196  23:53  Void Ray  
  200  24:05  Pylon  
  200  24:07  Void Ray  
  200  24:10  Pylon  
  200  24:13  Pylon  
  200  24:15  Pylon  
  200  24:18  Pylon  
  200  24:19  Pylon  
  200  24:20  Pylon  
  200  24:21  Pylon  
  200  24:26  Pylon  
  200  24:27  Photon Cannon x2  
  200  24:28  Pylon  
  200  24:29  Pylon  
  200  24:30  Photon Cannon  
  200  24:31  Photon Cannon  
  200  24:33  Photon Cannon  
  200  24:34  Photon Cannon  
  200  24:36  Photon Cannon  
  200  24:38  Photon Cannon  
  200  24:40  Photon Cannon  
  200  24:41  Photon Cannon  
  200  24:43  Photon Cannon, Protoss Ground Armor Level 2  
  200  24:44  Photon Cannon  
  200  24:46  Photon Cannon  
  200  24:48  Photon Cannon  
  200  24:49  Photon Cannon  
  200  24:53  Shield Battery  
  200  24:56  Shield Battery  
  200  25:00  Shield Battery  
  200  25:06  Pylon  
  200  25:08  Pylon  
  200  25:31  Nexus  
  200  25:33  Assimilator  
  200  25:34  Assimilator  
  199  27:24  Void Ray  
  199  27:57  Protoss Ground Armor Level 3  
  199  28:13  Probe  
  152  30:32  Void Ray x4  
  118  31:15  Void Ray x4  
  106  31:44  Observer  
  107  31:50  Probe  
  124  31:58  Void Ray x4, Probe  
  124  32:02  Observer  
  124  32:06  Mothership  
  134  32:09  Probe  
  131  32:22  Probe  
  132  32:32  Observer  
  145  32:41  Void Ray x3  
  149  33:01  Void Ray  
  153  33:24  Void Ray  
  169  34:14  Void Ray x3  
  169  34:15  Void Ray  
  163  34:52  Nexus  
  167  34:57  Void Ray  
  167  35:18  Assimilator  
  167  35:21  Assimilator  
  167  35:30  Probe  
  168  35:38  Probe  
  176  35:44  Void Ray x2  
  176  35:48  Probe  
  178  36:00  Probe  
  179  36:12  Probe  
  179  36:14  Carrier  
  186  36:40  Probe  
  187  36:52  Probe  
  196  37:02  Void Ray  
  196  37:03  Void Ray  
  196  37:04  Probe  
  135  37:16  Probe  
  132  37:25  Void Ray x2  
  136  37:45  Void Ray  
  130  38:01  Void Ray  
  138  38:08  Void Ray x2  
  138  38:47  Void Ray x2  
  150  38:51  Void Ray  
  154  39:00  Void Ray  
  154  39:12  Nexus  
  154  39:15  Assimilator  
  154  39:20  Assimilator  
  158  39:36  Void Ray  
  162  39:49  Void Ray  
  166  40:00  Void Ray  
  174  40:16  Void Ray  
  174  40:19  Void Ray  
  173  41:21  Void Ray x4  
  156  42:04  Void Ray  
  144  42:27  Void Ray x2  
  135  42:48  Void Ray  
Tags
 
Add a new tag
Caveats
  • Supply blocks, unpowered buildings, or Contaminate may cause inaccurate times.
  • Supply counts are checked every 10 seconds.